General information
			
			
        
        - name: BNet
 
        - type: Ladder team game (AT/RT)
 
        - host: Battle.net
 
        - saver: 66Dragon6
 
        
map: GoldRush 
        - players: 8
 
        - length: 21:10
 
        - speed: Fast
 - version: 1.22 W3XP
 - replay type:  Public
 
» download(245 KB)
Players
        team 1 (loser) 
              
              
» 
66Dragon6 (
orange | 114 APM | 2424 actions | 21:10)
              
 4 Death Knight 
 2 Death Coil
 2 Unholy Aura
 2 Lich 
 1 Frost Nova
 1 Dark Ritual
 
                » actions 
                
                | Assign group hotkey | 55 |  | 
| Basic commands | 1 |  | 
| Build / train | 61 |  | 
| Enter build submenu | 17 |  | 
| Enter hero's abilities submenu | 6 |  | 
| Give item / drop item | 1 |  | 
| Right click | 1210 |  | 
| Select / deselect | 360 |  | 
| Select group hotkey | 602 |  | 
| Use ability | 111 |  | 
                2424 total
 » units 
                
                | Acolyte | 2 |  | 
| Ghoul | 2 |  | 
| Crypt Fiend | 16 |  | 
| Frost Wyrm | 3 |  | 
                23 total
 » upgrades
                
                | Creature Attack | 2 |  | 
| Creature Carapace | 2 |  | 
| Burrow | 1 |  | 
| Web | 1 |  | 
                6 total
 » buildings
                
                | Graveyard | 1 |  | 
| Ziggurat | 6 |  | 
| Crypt | 2 |  | 
| Altar of Darkness | 1 |  | 
| Tomb of Relics | 1 |  | 
| Nerubian Tower | 4 |  | 
| Halls of the Dead | 4 |  | 
| Black Citadel | 1 |  | 
| Sacrificial Pit | 1 |  | 
| Boneyard | 2 |  | 
                23 total
 » build order
                00:05 Graveyard
00:07 Ziggurat
00:30 Crypt
00:47 Altar of Darkness
01:08 Tomb of Relics
01:32 Ziggurat
01:39 Nerubian Tower
01:40 Nerubian Tower
03:24 Nerubian Tower
04:22 Halls of the Dead
04:23 Halls of the Dead
04:23 Halls of the Dead
06:29 Crypt
07:20 Ziggurat
09:51 Black Citadel
11:40 Ziggurat
12:32 Sacrificial Pit
14:18 Boneyard
14:19 Boneyard
17:34 Ziggurat
17:35 Ziggurat
» items
                
                | Rod of Necromancy | 3 |  | 
| Dust of Appearance | 1 |  | 
| Periapt of Vitality | 1 |  | 
| Potion of Healing | 2 |  | 
| Scroll of Town Portal | 2 |  | 
| Orb of Corruption | 1 |  | 
| Scroll of Healing | 1 |  | 
                11 total
  
               
              
              
DarkLord(TB) (
teal | 134 APM | 2783 actions | 20:48)
              
 4 Demon Hunter 
 2 Mana Burn
 2 Evasion
 2 Keeper of the Grove 
 1 Entangling Roots
 1 Thorns Aura
 
                » actions 
                
                | Assign group hotkey | 401 |  | 
| Basic commands | 277 |  | 
| Build / train | 76 |  | 
| ESC pressed | 9 |  | 
| Enter build submenu | 20 |  | 
| Enter hero's abilities submenu | 6 |  | 
| Give item / drop item | 1 |  | 
| Right click | 616 |  | 
| Select / deselect | 215 |  | 
| Select group hotkey | 1079 |  | 
| Use ability | 83 |  | 
                2783 total
 » units 
                
                | Wisp | 25 |  | 
| Archer | 8 |  | 
| Dryad | 10 |  | 
| Druid of the Claw | 4 |  | 
                47 total
 » upgrades
                
                | Improved Bows | 1 |  | 
| Abolish Magic | 1 |  | 
| Druid of the Claw Training | 3 |  | 
| Mark of the Claw | 1 |  | 
                6 total
 » buildings
                
                | Altar of Elders | 1 |  | 
| Moon Well | 8 |  | 
| Ancient of War | 1 |  | 
| Tree of Ages | 2 |  | 
| Hunter's Hall | 1 |  | 
| Tree of Life | 1 |  | 
| Ancient of Lore | 3 |  | 
| Ancient Protector | 1 |  | 
| Ancient of Wonders | 2 |  | 
| Tree of Eternity | 3 |  | 
                23 total
 » build order
                00:03 Altar of Elders
00:21 Moon Well
00:46 Ancient of War
01:30 Moon Well
02:40 Moon Well
03:20 Tree of Ages
03:21 Tree of Ages
03:36 Hunter's Hall
05:17 Tree of Life
06:31 Ancient of Lore
06:32 Ancient of Lore
07:02 Moon Well
07:35 Moon Well
09:27 Ancient Protector
11:31 Ancient of Wonders
11:31 Tree of Eternity
11:31 Tree of Eternity
11:32 Tree of Eternity
12:10 Moon Well
12:10 Moon Well
12:34 Ancient of Wonders
12:37 Moon Well
15:10 Ancient of Lore
» items
                
                | Orb of Lightning | 1 |  | 
| Potion of Healing | 1 |  | 
| Scroll of Town Portal | 2 |  | 
                4 total
  
               
              
              
PER4 (
blue | 46 APM | 974 actions | 21:10)
              
 4 Mountain King 
 2 Storm Bolt
 2 Bash
 3 Paladin 
 1 Holy Light
 2 Devotion Aura
 
                » actions 
                
                | Assign group hotkey | 1 |  | 
| Basic commands | 115 |  | 
| Build / train | 83 |  | 
| Enter build submenu | 32 |  | 
| Enter hero's abilities submenu | 9 |  | 
| Give item / drop item | 3 |  | 
| Remove unit from queue | 14 |  | 
| Right click | 299 |  | 
| Select / deselect | 353 |  | 
| Use ability | 65 |  | 
                974 total
 » units 
                
                | Peasant | 37 |  | 
| Footman | 6 |  | 
| Mortar Team | 5 |  | 
| Siege Engine | 4 |  | 
                52 total
 » upgrades
                
                | Lumber Harvesting | 1 |  | 
| Masonry | 1 |  | 
| Fragmentation Shards | 1 |  | 
| Barrage | 1 |  | 
| Gunpowder | 1 |  | 
                5 total
 » buildings
                
                | Altar of Kings | 1 |  | 
| Farm | 6 |  | 
| Lumber Mill | 1 |  | 
| Barracks | 1 |  | 
| Town Hall | 7 |  | 
| Scout Tower | 7 |  | 
| Guard Tower | 2 |  | 
| Keep | 1 |  | 
| Arcane Vault | 1 |  | 
| Blacksmith | 1 |  | 
| Castle | 1 |  | 
| Workshop | 1 |  | 
                30 total
 » build order
                00:07 Altar of Kings
00:12 Farm
00:53 Farm
01:48 Lumber Mill
02:04 Farm
02:10 Barracks
02:37 Farm
03:18 Town Hall
03:21 Scout Tower
03:23 Scout Tower
04:08 Farm
04:24 Guard Tower
04:27 Guard Tower
04:55 Town Hall
05:56 Keep
07:27 Town Hall
07:30 Scout Tower
07:30 Scout Tower
07:31 Scout Tower
07:52 Town Hall
09:38 Arcane Vault
09:48 Scout Tower
09:50 Scout Tower
10:01 Blacksmith
11:39 Castle
11:40 Workshop
12:25 Town Hall
12:52 Town Hall
13:41 Farm
17:53 Town Hall
» items
                
                | Scroll of Regeneration | 1 |  | 
| Lesser Clarity Potion | 1 |  | 
| Scroll of Town Portal | 2 |  | 
| Orb of Fire | 1 |  | 
                5 total
  
               
              
              
» 
WeRT]DooD (
green | 126 APM | 2679 actions | 21:10)
              
 4 Far Seer 
 2 Feral Spirit
 2 Chain Lighting
 3 Shadow Hunter 
 1 Hex
 2 Healing Wave
 
                » actions 
                
                | Assign group hotkey | 57 |  | 
| Basic commands | 156 |  | 
| Build / train | 75 |  | 
| Enter build submenu | 20 |  | 
| Enter hero's abilities submenu | 7 |  | 
| Right click | 1309 |  | 
| Select / deselect | 397 |  | 
| Select group hotkey | 538 |  | 
| Use ability | 120 |  | 
                2679 total
 » units 
                
                | Peon | 7 |  | 
| Grunt | 7 |  | 
| Troll Witch Doctor | 6 |  | 
| Tauren | 7 |  | 
| Troll Headhunter/Berserker | 2 |  | 
| Troll Batrider | 6 |  | 
                35 total
 » upgrades
                
                | Berserker Strength | 1 |  | 
| Witch Doctor Training | 2 |  | 
| Pillage | 1 |  | 
| Reinforced Defenses | 1 |  | 
| Armor | 1 |  | 
| Melee Weapons | 1 |  | 
| Pulverize | 1 |  | 
                8 total
 » buildings
                
                | Altar of Storms | 1 |  | 
| Orc Burrow | 8 |  | 
| Barracks | 1 |  | 
| Stronghold | 3 |  | 
| Voodoo Lounge | 1 |  | 
| Spirit Lodge | 1 |  | 
| Fortress | 2 |  | 
| War Mill | 1 |  | 
| Tauren Totem | 2 |  | 
| Beastiary | 2 |  | 
| Great Hall | 1 |  | 
                23 total
 » build order
                00:05 Altar of Storms
00:14 Orc Burrow
00:48 Barracks
01:35 Orc Burrow
02:45 Stronghold
02:45 Stronghold
03:45 Orc Burrow
04:46 Voodoo Lounge
05:12 Spirit Lodge
06:06 Fortress
06:06 Fortress
06:22 War Mill
06:30 Orc Burrow
06:33 Orc Burrow
08:45 Tauren Totem
09:33 Tauren Totem
09:35 Orc Burrow
11:27 Orc Burrow
12:45 Orc Burrow
17:27 Beastiary
17:29 Beastiary
19:30 Great Hall
» items
                
                | Lesser Clarity Potion | 3 |  | 
| Healing Salve | 2 |  | 
| Scroll of Speed | 1 |  | 
| Scroll of Town Portal | 1 |  | 
                7 total
  
               team 2 (winner) 
              
              
298739283939208 (
yellow | 106 APM | 2247 actions | 21:10)
              
 4 Death Knight 
 2 Death Coil
 2 Unholy Aura
 4 Pandaren Brewmaster 
 2 Breath of Fire
 2 Drunken Haze
 3 Dreadlord 
 1 Sleep
 2 Carrion Swarm
 
                » actions 
                
                | Assign group hotkey | 82 |  | 
| Basic commands | 10 |  | 
| Build / train | 78 |  | 
| ESC pressed | 5 |  | 
| Enter build submenu | 37 |  | 
| Enter hero's abilities submenu | 12 |  | 
| Give item / drop item | 4 |  | 
| Remove unit from queue | 8 |  | 
| Right click | 814 |  | 
| Select / deselect | 297 |  | 
| Select group hotkey | 789 |  | 
| Use ability | 111 |  | 
                2247 total
 » units 
                
                | Acolyte | 12 |  | 
| Ghoul | 4 |  | 
| Crypt Fiend | 10 |  | 
| Frost Wyrm | 3 |  | 
                29 total
 » upgrades
                
                | Creature Attack | 1 |  | 
| Creature Carapace | 1 |  | 
| Web | 1 |  | 
| Freezing Breath | 1 |  | 
                4 total
 » buildings
                
                | Crypt | 4 |  | 
| Graveyard | 1 |  | 
| Altar of Darkness | 2 |  | 
| Ziggurat | 8 |  | 
| Tomb of Relics | 1 |  | 
| Nerubian Tower | 1 |  | 
| Halls of the Dead | 1 |  | 
| Necropolis | 5 |  | 
| Spirit Tower | 3 |  | 
| Sacrificial Pit | 2 |  | 
| Black Citadel | 1 |  | 
| Boneyard | 5 |  | 
                34 total
 » build order
                00:08 Crypt
00:19 Graveyard
00:34 Altar of Darkness
00:38 Altar of Darkness
00:44 Ziggurat
01:14 Tomb of Relics
01:45 Ziggurat
01:52 Nerubian Tower
03:48 Ziggurat
06:15 Ziggurat
06:16 Ziggurat
06:17 Ziggurat
06:33 Halls of the Dead
06:35 Ziggurat
06:52 Necropolis
07:25 Spirit Tower
08:19 Necropolis
09:30 Sacrificial Pit
10:00 Black Citadel
11:32 Necropolis
12:24 Boneyard
12:25 Boneyard
13:14 Boneyard
14:01 Sacrificial Pit
15:44 Spirit Tower
16:07 Spirit Tower
16:42 Boneyard
17:32 Crypt
17:34 Crypt
17:35 Crypt
17:37 Necropolis
18:01 Ziggurat
18:43 Necropolis
» items
                
                | Rod of Necromancy | 1 |  | 
| Sacrificial Skull | 1 |  | 
| Dust of Appearance | 1 |  | 
| Orb of Corruption | 2 |  | 
| Scroll of Healing | 3 |  | 
| Potion of Healing | 4 |  | 
| Potion of Mana | 3 |  | 
| Scroll of Town Portal | 2 |  | 
                17 total
  
               
              
              
» 
BRAUMS (
pink | 106 APM | 2237 actions | 21:10)
              
 5 Keeper of the Grove 
 3 Entangling Roots
 2 Thorns Aura
 
                » actions 
                
                | Assign group hotkey | 25 |  | 
| Basic commands | 224 |  | 
| Build / train | 67 |  | 
| Enter build submenu | 20 |  | 
| Enter hero's abilities submenu | 5 |  | 
| Right click | 809 |  | 
| Select / deselect | 598 |  | 
| Select group hotkey | 431 |  | 
| Use ability | 58 |  | 
                2237 total
 » units 
                
                | Wisp | 26 |  | 
| Huntress | 5 |  | 
| Dryad | 12 |  | 
| Mountain Giant | 4 |  | 
                47 total
 » upgrades
                
                | Abolish Magic | 1 |  | 
| Reinforced Hides | 1 |  | 
| Resistant Skin | 1 |  | 
| Hardened Skin | 1 |  | 
| Strength of the Wild | 1 |  | 
                5 total
 » buildings
                
                | Altar of Elders | 1 |  | 
| Moon Well | 5 |  | 
| Hunter's Hall | 1 |  | 
| Ancient of War | 2 |  | 
| Tree of Ages | 1 |  | 
| Tree of Life | 2 |  | 
| Ancient Protector | 1 |  | 
| Ancient of Lore | 3 |  | 
| Ancient of Wonders | 1 |  | 
| Tree of Eternity | 1 |  | 
| Ancient of Wind | 1 |  | 
| Chimaera Roost | 2 |  | 
                21 total
 » build order
                00:05 Altar of Elders
00:08 Moon Well
01:24 Hunter's Hall
01:47 Ancient of War
02:13 Ancient of War
02:22 Moon Well
03:26 Moon Well
06:03 Tree of Ages
06:38 Moon Well
06:53 Tree of Life
07:32 Ancient Protector
08:25 Ancient of Lore
08:26 Ancient of Lore
08:30 Ancient of Lore
09:44 Ancient of Wonders
11:46 Moon Well
12:41 Tree of Eternity
17:19 Ancient of Wind
17:41 Tree of Life
19:48 Chimaera Roost
19:49 Chimaera Roost
» items
                
                | Lesser Clarity Potion | 2 |  | 
| Scroll of Town Portal | 4 |  | 
| Potion of Mana | 1 |  | 
                7 total
  
               
              
              
» 
Iceberg-Slim (
red | 116 APM | 2456 actions | 21:10)
              
 5 Priestess of the Moon 
 2 Searing Arrows
 3 Trueshot Aura
 5 Pandaren Brewmaster 
 3 Breath of Fire
 2 Drunken Haze
 2 Keeper of the Grove 
 1 Entangling Roots
 1 Thorns Aura
 
                » actions 
                
                | Assign group hotkey | 21 |  | 
| Basic commands | 279 |  | 
| Build / train | 81 |  | 
| Enter build submenu | 25 |  | 
| Enter hero's abilities submenu | 12 |  | 
| Give item / drop item | 2 |  | 
| Right click | 955 |  | 
| Select / deselect | 434 |  | 
| Select group hotkey | 566 |  | 
| Use ability | 81 |  | 
                2456 total
 » units 
                
                | Wisp | 34 |  | 
| Huntress | 6 |  | 
| Dryad | 4 |  | 
| Druid of the Claw | 6 |  | 
                50 total
 » upgrades
                
                | Abolish Magic | 1 |  | 
| Nature's Blessing | 1 |  | 
| Strength of the Wild | 3 |  | 
| Ultravision | 1 |  | 
| Druid of the Claw Training | 2 |  | 
| Mark of the Claw | 1 |  | 
| Well Spring | 1 |  | 
                10 total
 » buildings
                
                | Altar of Elders | 1 |  | 
| Moon Well | 6 |  | 
| Hunter's Hall | 1 |  | 
| Ancient of War | 2 |  | 
| Ancient of Wonders | 2 |  | 
| Tree of Life | 2 |  | 
| Tree of Ages | 1 |  | 
| Ancient of Lore | 2 |  | 
| Ancient Protector | 7 |  | 
| Tree of Eternity | 1 |  | 
                25 total
 » build order
                00:05 Altar of Elders
00:19 Moon Well
01:39 Hunter's Hall
02:00 Ancient of War
02:06 Ancient of War
02:17 Moon Well
02:33 Ancient of Wonders
03:30 Moon Well
04:22 Tree of Life
05:15 Tree of Ages
06:42 Moon Well
08:11 Ancient of Lore
08:18 Ancient of Lore
09:53 Moon Well
09:56 Moon Well
10:00 Ancient Protector
10:14 Ancient Protector
10:28 Ancient Protector
10:55 Ancient Protector
11:33 Tree of Eternity
12:26 Ancient of Wonders
12:36 Tree of Life
13:46 Ancient Protector
15:25 Ancient Protector
15:45 Ancient Protector
» items
                
                | Scroll of Town Portal | 2 |  | 
| Staff of Preservation | 1 |  | 
| Orb of Venom | 1 |  | 
                4 total
  
               
              
              
» 
TIMG4STRok (
purple | 112 APM | 2366 actions | 21:10)
              
 6 Mountain King 
 3 Storm Bolt
 1 Bash
 1 Thunder Clap
 1 Avatar
 
                » actions 
                
                | Assign group hotkey | 21 |  | 
| Basic commands | 131 |  | 
| Build / train | 88 |  | 
| ESC pressed | 5 |  | 
| Enter build submenu | 32 |  | 
| Enter hero's abilities submenu | 6 |  | 
| Right click | 1059 |  | 
| Select / deselect | 247 |  | 
| Select group hotkey | 697 |  | 
| Use ability | 80 |  | 
                2366 total
 » units 
                
                | Peasant | 27 |  | 
| Footman | 9 |  | 
| Gryphon Rider | 10 |  | 
                46 total
 » upgrades
                
                | Masonry | 2 |  | 
| Lumber Harvesting | 1 |  | 
| Storm Hammers | 1 |  | 
| Animal War Training | 1 |  | 
| Swords | 2 |  | 
| Armor | 1 |  | 
                8 total
 » buildings
                
                | Altar of Kings | 1 |  | 
| Barracks | 1 |  | 
| Farm | 8 |  | 
| Scout Tower | 11 |  | 
| Arcane Tower | 3 |  | 
| Lumber Mill | 1 |  | 
| Arcane Vault | 1 |  | 
| Town Hall | 3 |  | 
| Guard Tower | 5 |  | 
| Keep | 1 |  | 
| Castle | 1 |  | 
| Gryphon Aviary | 2 |  | 
| Blacksmith | 1 |  | 
                39 total
 » build order
                00:08 Altar of Kings
00:13 Barracks
00:26 Farm
00:55 Farm
01:30 Scout Tower
02:00 Arcane Tower
02:03 Lumber Mill
02:50 Farm
03:52 Arcane Vault
04:07 Town Hall
04:13 Scout Tower
04:13 Scout Tower
04:15 Scout Tower
04:49 Guard Tower
05:15 Arcane Tower
06:29 Keep
06:32 Scout Tower
06:34 Scout Tower
06:41 Scout Tower
06:41 Scout Tower
06:51 Scout Tower
06:52 Scout Tower
06:54 Scout Tower
07:15 Guard Tower
07:16 Arcane Tower
07:19 Guard Tower
07:28 Guard Tower
09:23 Castle
09:25 Gryphon Aviary
09:27 Gryphon Aviary
09:59 Farm
10:01 Farm
10:02 Farm
10:08 Farm
11:36 Blacksmith
11:45 Farm
12:33 Town Hall
18:49 Town Hall
» items
                
                | Scroll of Regeneration | 4 |  | 
| Lesser Clarity Potion | 5 |  | 
| Mechanical Critter | 1 |  | 
| Scroll of Town Portal | 2 |  | 
| Potion of Healing | 2 |  | 
| Boots of Speed | 1 |  | 
| Potion of Mana | 1 |  | 
| Scroll of Healing | 1 |  | 
                17 total
  
                Chat log
          (00:11 / All) 66Dragon6: Hello
(00:15 / All) BRAUMS: Shut up 
(00:17 / All) BRAUMS: Nerd
(00:18 / Allies) WeRT]DooD: lmao
(00:19 / All) TIMG4STRok: w-w-w-w-w-whats up
(00:20 / All) BRAUMS: 8lllllllllllllllllD
(00:24 / All) Iceberg-Slim: hi manner and have a fun game
(00:28 / Allies) WeRT]DooD: i hate purp from forums
(00:30 / All) DarkLord(TB): gl hf
(00:40 / Allies) WeRT]DooD: fs kjotg arass?
(00:40 / All) TIMG4STRok: 66dragon6 silence this game and i wont post replay on highper.ch and embarrass you
(00:43 / Allies) DarkLord(TB): k
(00:46 / All) TIMG4STRok: gl hf
(00:50 / Allies) PER4: i expo with considerable hast
(00:54 / All) 66Dragon6: suck my big black dick
(00:54 / All) 298739283939208: we will lose
(00:56 / Allies) DarkLord(TB): damn
(00:58 / Allies) PER4: haste*
(00:59 / Allies) DarkLord(TB): o well
(01:00 / All) BRAUMS: u wish
(01:00 / All) Iceberg-Slim: to whoever reading this chatlog, whatup ^^
(01:02 / All) TIMG4STRok: you just cursed yourself
(01:05 / Allies) DarkLord(TB): i need to go dh
(01:06 / Allies) DarkLord(TB): get a bm
(01:16 / Allies) WeRT]DooD: lets rape these fools
(01:17 / All) Iceberg-Slim: you downloaded this replay from highper.ch
(01:20 / Allies) DarkLord(TB): u goin bm right?
(01:26 / Allies) WeRT]DooD: i went fs
(01:27 / All) TIMG4STRok: http://highper.ch home of clan towa
(01:27 / Allies) WeRT]DooD: lol
(01:29 / All) 66Dragon6: shit I shouldnt piss u off u could go in 23000 apm mode
(01:35 / Allies) DarkLord(TB): i went dh
(01:36 / Allies) DarkLord(TB): sry
(01:39 / Allies) WeRT]DooD: o
(01:40 / Allies) WeRT]DooD: lol
(01:43 / Allies) DarkLord(TB): i told u
(01:49 / Allies) WeRT]DooD: i said fs kotg
(01:49 / Allies) WeRT]DooD: !
(01:50 / Allies) WeRT]DooD: lol
(01:51 / All) TIMG4STRok: and i only need 50 to beat you, gonna give my hands a break so i don't develop carpal tunnel
(01:52 / All) Iceberg-Slim: 2:10 til 4:20
(01:52 / All) BRAUMS: I entertained kindergarteners
(01:54 / Allies) DarkLord(TB): i kno
(01:55 / All) BRAUMS: today dragon
(01:56 / Allies) DarkLord(TB): but i went arch
(01:56 / All) BRAUMS: what did you do
(01:58 / All) BRAUMS: big nerd
(01:59 / Allies) WeRT]DooD: o well
(02:08 / All) 66Dragon6: I took a dump on ur mom
(02:10 / All) 66Dragon6: y0ou?
(02:14 / All) BRAUMS: u wish
(02:17 / All) TIMG4STRok: damn that was a good 1
(02:26 / All) 66Dragon6: Im proud of myself
(02:35 / All) 66Dragon6: give me encouragement timg
(03:23 / Allies) WeRT]DooD: uder
(03:44 / Allies) 66Dragon6: expa for me
(03:46 / Allies) 66Dragon6: bloo
(03:50 / Allies) PER4: roger
(03:54 / Allies) 66Dragon6: ty
(04:25 / Allies) WeRT]DooD: k
(04:35 / Allies) DarkLord(TB): i dont hack
(04:37 / Allies) DarkLord(TB): i promise
(04:47 / Allies) 66Dragon6: fag
(04:52 / Allies) PER4: did i get it?
(05:19 / Allies) 66Dragon6: i got dust
(05:21 / Allies) 66Dragon6: coming
(06:42 / Allies) DarkLord(TB): go back
(07:24 / Allies) WeRT]DooD: ya
(07:25 / Allies) DarkLord(TB): go that way
(07:28 / Allies) WeRT]DooD: yep
(07:30 / Allies) WeRT]DooD: check agian
(07:32 / Allies) WeRT]DooD: or?
(07:33 / Allies) 66Dragon6: more g
(08:34 / Allies) PER4: dragon
(08:36 / Allies) 66Dragon6: brt
(08:46 / Allies) 66Dragon6: tp
(08:47 / Allies) 66Dragon6: go
(08:48 / Allies) 66Dragon6: etc
(08:49 / Allies) PER4: tping
(08:58 / Allies) 66Dragon6: keepr
(09:06 / All) BRAUMS: jesus
(09:22 / Allies) 66Dragon6: potm
(09:34 / All) BRAUMS: cant win no game 66
(09:43 / Allies) 66Dragon6: gold
(10:05 / Allies) 66Dragon6: gold blue
(10:08 / Allies) WeRT]DooD: we pwnin top
(10:11 / Allies) 66Dragon6: good
(10:14 / Allies) DarkLord(TB): u need expo
(10:15 / Allies) DarkLord(TB): green
(10:15 / Allies) 66Dragon6: hall plz?
(10:27 / Allies) WeRT]DooD: get epxo
(10:28 / Allies) WeRT]DooD: apos
(11:01 / All) BRAUMS: lol teal
(11:18 / Allies) WeRT]DooD: im so bad
(11:19 / Allies) WeRT]DooD: i let
(11:20 / Allies) 66Dragon6: focus heros blue
(11:23 / Allies) WeRT]DooD: timg kill my herop
(11:23 / Allies) WeRT]DooD: lol
(12:03 / Allies) WeRT]DooD: pit
(12:04 / Allies) WeRT]DooD: uh ohs 
(12:04 / Allies) WeRT]DooD: lol
(12:51 / Allies) 66Dragon6: per
(12:54 / Allies) 66Dragon6: where is your units?
(13:01 / Allies) PER4: got raped
(13:03 / Allies) WeRT]DooD: nice
(13:51 / Allies) WeRT]DooD: out
(13:53 / Allies) DarkLord(TB): omg
(14:01 / Allies) DarkLord(TB): mybad
(14:09 / Allies) 66Dragon6: wood
(14:31 / Allies) 66Dragon6: all tp
(14:34 / Allies) WeRT]DooD: move
(14:35 / Allies) WeRT]DooD: back
(14:35 / Allies) DarkLord(TB): come
(14:36 / Allies) DarkLord(TB): wow
(14:48 / Allies) WeRT]DooD: go
(14:49 / Allies) WeRT]DooD: go
(15:25 / Allies) DarkLord(TB): go nback
(15:27 / Allies) DarkLord(TB): dont let him get frost
(15:32 / Allies) WeRT]DooD: ya
(15:44 / Allies) DarkLord(TB): go
(15:44 / Allies) 66Dragon6: b
(16:41 / Allies) 66Dragon6: focus gryphs
(16:45 / Allies) DarkLord(TB): drop a ward
(17:06 / All) BRAUMS: rofl
(17:06 / Allies) 66Dragon6: v
(17:07 / Allies) 66Dragon6: b
(17:07 / Allies) 66Dragon6: b
(17:42 / Allies) WeRT]DooD: air raping
(17:43 / Allies) WeRT]DooD: us
(18:19 / Allies) DarkLord(TB): late ass frosts
(18:28 / Allies) 66Dragon6: i barely got fed
(18:31 / Allies) WeRT]DooD: i have no mine
(18:37 / Allies) WeRT]DooD: gold for bats
(18:42 / Allies) DarkLord(TB): i got u
(19:02 / Allies) WeRT]DooD: no mine either
(19:03 / Allies) WeRT]DooD: hmm
(19:28 / Allies) DarkLord(TB): everyone needs to expo
(19:30 / Allies) DarkLord(TB): on this map
(19:31 / Allies) DarkLord(TB): no one did
(19:35 / Allies) DarkLord(TB): except blue
(19:41 / Allies) DarkLord(TB): mass tanks
(19:43 / Allies) DarkLord(TB): and we shud have it
(19:50 / Allies) PER4: gogo
(19:51 / Allies) 66Dragon6: go
(19:52 / Allies) WeRT]DooD: k
(20:43 / All) TIMG4STRok: damn
(20:46 / All) TIMG4STRok: you almost won
(20:48 / All) DarkLord(TB): Gg
(20:52 / All) BRAUMS: gj
(20:54 / All) BRAUMS: dragon
(21:06 / All) 66Dragon6: blue had at most 50 food 
(21:07 / All) TIMG4STRok: almost